 Dungeon Crawl Stone Soup version 0.30-b1-2-g02819fbbbe (webtiles) character file.

Game seed: 4610543665369368340

54 Alarkh the Trooper (level 3, -4/27 (29) HPs)
             Began as a Demonspawn Artificer on Dec 4, 2023.
             Slain by a gnoll
             ... wielding a +0 flail
              (10 damage)
             ... on level 2 of the Dungeon.
             The game lasted 00:02:03 (1268 turns).

Alarkh the Trooper (Demonspawn Artificer)           Turns: 1268, Time: 00:02:04

HP:   -4/27 (29)    AC:  4    Str: 12    XL:     3   Next: 66%
MP:   3/3           EV: 11    Int: 14    God:
Gold: 55            SH:  0    Dex: 13    Spells: 2/2 levels left

rFire   . . .        a - +0 dagger
rCold   . . .        (no shield)
rNeg    . . .        b - +0 leather armour
rPois   .            (no helmet)
rElec   .            h - +0 cloak
rCorr   .            (no gloves)
SInv    .            (no boots)
Will    .....        (no amulet)
Stlth   +            (no ring)
HPRegen 1.24/turn    (no ring)
MPRegen 0.08/turn

%: no passive effects
@: drained
A: powered by death 1
a: no special abilities


You were on level 2 of the Dungeon.
You visited 1 branch of the dungeon, and saw 2 of its levels.

You collected 55 gold pieces.

Inventory:

Hand Weapons
 a - a +0 dagger (weapon)
Armour
 b - a +0 leather armour (worn)
 h - a +0 cloak (worn)
Wands
 c - a wand of flame (5) (quivered)
 d - a wand of charming (15)
 e - a wand of iceblast (3)
Scrolls
 g - 2 scrolls of teleportation {unknown}
 i - a scroll of vulnerability {unknown}
 m - a scroll of fear {unknown}
 r - a scroll of identify
Potions
 f - 5 potions of haste {unknown}
 j - a potion of ambrosia
 k - 2 potions of heal wounds
 l - a potion of lignification {unknown}


   Skills:
 + Level 3.6 Fighting
 - Level 1.7 Armour
 - Level 0.8 Dodging
 - Level 0.8 Stealth
 - Level 3.0 Evocations


You had 2 spell levels left.
You didn't know any spells.
Your spell library was empty.

Dungeon Overview and Level Annotations

Branches:
Dungeon (2/15)

Altars:


Innate Abilities, Weirdness & Mutations

You regenerate a little health from kills.


Message History

Okay, then.
Aiming: Throw Flame
Press: ? - help, Shift-Dir - straight line, f - endoplasm
Aim: an endoplasm (98% to hit)
The puff of flame hits the endoplasm.
The endoplasm is almost dead.
You hit the endoplasm but do no damage.
The endoplasm is almost dead.
The adder bites you but does no damage. The endoplasm freezes you.
You are frozen.
You hit the endoplasm.
You kill the endoplasm!
The adder bites you. The adder closely misses you.
The gnoll attacks as you move away! The gnoll barely misses you.
The adder bites you.
You are poisoned.
The adder poisons you!
The gnoll hits you from afar with a +0 heavy spear.
You feel sick. The gnoll attacks as you move away!
The gnoll hits you with a +0 flail of draining.
You feel drained.
You feel sick. The adder attacks as you move away! The adder barely misses you.
You feel sick. The adder bites you but does no damage.
The gnoll hits you with a +0 flail of draining.
You feel drained.
You feel sick. The gnoll attacks as you move away!
The gnoll closely misses you.
You feel sick.
You are no longer poisoned.
The adder bites you.
* * * LOW HITPOINT WARNING * * *
Okay, then.
Aiming: Iceblast
Press: ? - help, Shift-Dir - straight line The mass of ice explodes!
The iceblast engulfs the gnoll!
You kill the gnoll!
The adder closely misses you. The gnoll hits you with a +0 flail!
You die...

.....#
.....##########
..............##
....#########..#
...### ##.###
##...# #...# #...#
###...## 8....8#
#8..).8# ##.....#
##..gS@##
.##.....###....g##
..##...........##
...#8.........8#
...###.......###
.....##.....##
......##...##
#######8...8
##...#


You could see 2 gnolls and an adder.

Vanquished Creatures
  A gnoll (D:2)
  An adder (D:2)
  A worm (D:2)
  A ball python (D:2)
  3 endoplasms
  6 giant cockroaches
  6 goblins
  2 hobgoblins
  4 jackals (D:1)
  2 kobolds (D:1)
  2 quokkas
  4 bats
  A frilled lizard (D:1)
  2 rats (D:1)
36 creatures vanquished.

Notes
Turn   | Place    | Note
-------+----------+-------------------------------------------
     0 | D:1      | Alarkh the Demonspawn Artificer began the quest for the
                  | Orb.
     0 | D:1      | Reached XP level 1. HP: 15/15 MP: 1/1
   327 | D:1      | Gained mutation: You regenerate a little health from kills.
                  | [demonic ancestry]
   327 | D:1      | Reached XP level 2. HP: 19/22 MP: 2/2
   913 | D:2      | Reached XP level 3. HP: 23/29 MP: 3/3
  1268 | D:2      | Slain by a gnoll

Illustrated notes

Levels and vault maps discovered:
D:1:      minmay_arrival_doors, layout_loops_ring
D:2:      layout_rooms, serial_corexii_hall, chequers_hall_statues_corner_a,
          corexii_hall_statues_u, chequers_hall_statues_wall_a,
          chequers_hall_statues_y, chequers_hall_statues_corner_a,
          corexii_hall_statues_l

Skill      XL: |  1  2 |
---------------+-------+-----
Fighting       | 2 3 |  3.6
Armour         | |  1.7
Dodging        | |  0.8
Stealth        | |  0.8
Evocations     | |  3.0

Action                     || total
---------------------------++-------
  Melee: Club              ||    30
         Dagger            ||   143
         Punch             ||     2
  Evoke: Wand              ||    12
    Use: Scroll            ||     3
   Stab: Sleeping          ||     1
 Armour: Leather armour    ||    70
  Dodge: Dodged            ||   127
